[Event "Prague Festival Open 2022"]
[Site "Prague"]
[Date "2022.06.14"]
[Round "6.2"]
[White "Iniyan, P."]
[Black "Raja Harshit"]
[Result "1/2-1/2"]
[ECO "C54"]
[WhiteElo "2518"]
[BlackElo "2479"]
[Annotator "RC"]
[PlyCount "146"]
[EventDate "2022.06.10"]
[EventType "swiss"]
[EventCountry "CZE"]
[SourceTitle "playchess.com"]
[Source "ChessBase"]
[SourceQuality "1"]
[TimeControl "40/5400+30:1800+30"]

1. e4 e5 2. Nf3 Nc6 3. Bc4 Nf6 4. d3 Bc5 5. c3 d6 6. h3 h6 7. Bb3 Qe7 8. a4 a5 9. Na3 Be6 10. Nc4 Rd8 11. Qe2 d5 12. exd5 Bxd5 13. Bc2 Bxc4 14. dxc4 e4 15. Nd2 e3 16. fxe3 O-O 17. Nb3 Ne4 18. Bxe4 Qh4+ 19. Qf2 Qxe4 20. Nxc5 Qxc4 21. Nxb7 Rd5 22. Qe2 Qh4+ 23. Kf1 Rf5+ 24. Kg1 Rb8 25. e4 Re8 26. Qg4 Qf2+ 27. Kh2 Rf6 28. Qg3 Qb6 29. Nxa5 Nxa5 30. b4 Nc4 31. Bf4 Rxe4 32. Rhf1 Qe6 33. Rae1 g5 34. Bxg5 Rxf1 35. Bxh6+ Rg4 36. Rxe6 Rxg3 37. Re8+ Kh7 38. Kxg3 Kxh6 39. Rc8 Nb6 40. Rxc7 Nxa4 41. b5 Kg7 42. c4 Rb1 43. Kf4 Nb6 44. Rc6 Nxc4 45. Rxc4 Rxb5 46. h4 Rb1 47. Rc5 Kg6 48. h5+ Kh6 49. Rc6+ Kg7 50. h6+ Kh7 51. Rf6 Rb2 52. g3 Rb4+ 53. Kg5 Rb5+ 54. Kh4 Kg8 55. g4 Rb1 56. Kh5 Ra1 57. Rf5 Ra6 58. Rg5+ Kh8 59. Rd5 Kh7 60. g5 Ra4 61. Rd7 Kg8 62. Rd8+ Kh7 63. Rd1 Rf4 64. Rd7 Kg8 65. Rd8+ Kh7 66. Rf8 Rf1 67. Kg4 Kg6 68. Rg8+ Kh7 69. Rb8 Kg6 70. Kg3 Rf5 71. Rb6+ f6 72. gxf6 Kxh6 73. Kg4 Rf1 1/2-1/2

[Event "Prague Festival Open 2022"]
[Site "Prague"]
[Date "2022.06.14"]
[Round "6.3"]
[White "Sedlak, Nikola"]
[Black "Stremavicius, Titas"]
[Result "1/2-1/2"]
[ECO "A08"]
[WhiteElo "2476"]
[BlackElo "2508"]
[Annotator "RC"]
[PlyCount "185"]
[EventDate "2022.06.10"]
[EventType "swiss"]
[EventCountry "CZE"]
[SourceTitle "playchess.com"]
[Source "ChessBase"]
[SourceQuality "1"]
[TimeControl "40/5400+30:1800+30"]

1. Nf3 d5 2. g3 c5 3. Bg2 Nc6 4. O-O e5 5. d3 Be7 6. e4 d4 7. Na3 h5 8. Nc4 Qc7 9. c3 b5 10. Ncd2 h4 11. a4 b4 12. cxd4 cxd4 13. Qc2 Bd7 14. Nc4 Rc8 15. Nxh4 Bxh4 16. gxh4 Nge7 17. f4 Ng6 18. fxe5 Ncxe5 19. Qf2 Be6 20. Nxe5 Qxe5 21. Bg5 f6 22. Rac1 Rxc1 23. Bxc1 Rxh4 24. Bf3 a5 25. Kh1 Rh3 26. Rg1 Nh4 27. Be2 g5 28. b3 Ng6 29. Bb2 Qf4 30. Bxd4 Qxf2 31. Bxf2 Bxb3 32. Bb6 Nf4 33. Bf1 Rh7 34. Bxa5 Rb7 35. h4 Bc2 36. Bxb4 Rxb4 37. hxg5 fxg5 38. Rxg5 Rb1 39. Rg1 Ke7 40. a5 Ra1 41. Kh2 Kf6 42. a6 Rxa6 43. Kg3 Ne6 44. Rg2 Rc6 45. Kf3 Bd1+ 46. Ke3 Bh5 47. Rf2+ Ke7 48. Bh3 Nc7 49. Bf5 Rc3 50. Rb2 Be8 51. Kd4 Rc1 52. Ke5 Nb5 53. d4 Nd6 54. Ra2 Nc4+ 55. Kf4 Rf1+ 56. Kg5 Nd6 57. Ra7+ Kf8 58. Ra6 Ke7 59. Ra7+ Kd8 60. Ra8+ Kc7 61. Ra7+ Kb6 62. Re7 Ba4 63. Bh7 Bb3 64. Bf5 Nb5 65. d5 Nd6 66. Kf6 Bc2 67. Ke5 Nxf5 68. exf5 Rxf5+ 69. Kd6 Rh5 70. Re2 Ba4 71. Rb2+ Bb5 72. Rc2 Rh8 73. Rc1 Rg8 74. Rc2 Rd8+ 75. Ke6 Ba4 76. Rc1 Rh8 77. Ke7 Rh3 78. Kd6 Bb3 79. Rc6+ Kb5 80. Rc5+ Kb4 81. Rc6 Rh6+ 82. Kc7 Rh7+ 83. Kd6 Ba2 84. Rb6+ Kc3 85. Kc6 Kd4 86. Rb5 Ke4 87. d6 Be6 88. Ra5 Bd7+ 89. Kb6 Kd4 90. Rg5 Rf7 91. Rh5 Rg7 92. Ra5 Bg4 93. Ra4+ 1/2-1/2

[Event "Prague Festival Open 2022"]
[Site "Prague"]
[Date "2022.06.14"]
[Round "6.4"]
[White "Garriga Cazorla, Pere"]
[Black "Domalchuk-Jonasson, Aleksandr"]
[Result "1-0"]
[ECO "D28"]
[WhiteElo "2495"]
[BlackElo "2190"]
[Annotator "RC"]
[PlyCount "103"]
[EventDate "2022.06.10"]
[EventType "swiss"]
[EventCountry "CZE"]
[SourceTitle "playchess.com"]
[Source "ChessBase"]
[SourceQuality "1"]
[TimeControl "40/5400+30:1800+30"]

1. d4 d5 2. c4 dxc4 3. e3 Nf6 4. Bxc4 e6 5. Nf3 a6 6. O-O b5 7. Bd3 Bb7 8. a4 b4 9. Qe2 c5 10. e4 cxd4 11. Nbd2 Be7 12. e5 Nfd7 13. Nb3 Nc5 14. Nxc5 Bxc5 15. Ng5 Qd5 16. Qg4 Nc6 17. Bf4 h6 18. Ne4 Be7 19. Qxg7 O-O-O 20. Rac1 Kb8 21. Nf6 Bxf6 22. Qxf6 Ne7 23. f3 Qd7 24. a5 Rhg8 25. Qh4 Nd5 26. Rfe1 Rg7 27. Rc4 Nxf4 28. Qxf4 Qd5 29. Kf1 Qxa5 30. Rxd4 Rxd4 31. Qxd4 Rg8 32. Qd6+ Ka8 33. Be4 Rd8 34. Bxb7+ Kxb7 35. Qe7+ Ka8 36. Qxf7 Qb6 37. Qf4 h5 38. Rc1 h4 39. Qe4+ Rd5 40. Qc4 Qb5 41. Qxb5 Rxb5 42. f4 Kb7 43. Ke2 b3 44. g4 hxg3 45. hxg3 a5 46. g4 a4 47. g5 a3 48. bxa3 b2 49. Rb1 Rb3 50. g6 Kc6 51. Kf2 Rh3 52. g7 1-0

[Event "Prague Festival Open 2022"]
[Site "Prague"]
[Date "2022.06.14"]
[Round "6.5"]
[White "Hilby, Craig"]
[Black "Petr, Martin"]
[Result "0-1"]
[ECO "E04"]
[WhiteElo "2420"]
[BlackElo "2488"]
[Annotator "RC"]
[PlyCount "118"]
[EventDate "2022.06.10"]
[EventType "swiss"]
[EventCountry "CZE"]
[SourceTitle "playchess.com"]
[Source "ChessBase"]
[SourceQuality "1"]
[TimeControl "40/5400+30:1800+30"]

1. d4 d5 2. c4 e6 3. Nf3 Nf6 4. g3 dxc4 5. Bg2 c5 6. O-O Nc6 7. Ne5 Bd7 8. Na3 cxd4 9. Naxc4 Be7 10. Bf4 Rc8 11. Qb3 Nxe5 12. Nxe5 Bc6 13. Nxc6 bxc6 14. Rfd1 Nd5 15. Be5 Bf6 16. Bxf6 Qxf6 17. Qa4 O-O 18. Qxd4 Qxd4 19. Rxd4 Nb6 20. Rc1 c5 21. Rd2 Rc7 22. Kf1 Rfc8 23. Rcd1 Kf8 24. Rd8+ Ke7 25. Rxc8 Rxc8 26. Ke1 c4 27. Kd2 Rd8+ 28. Kc2 Rxd1 29. Kxd1 Kd6 30. Kc2 Kc5 31. h4 Nd5 32. a3 Nf6 33. Bf3 h5 34. Kc3 e5 35. Kd2 g6 36. Ke3 a5 37. Bb7 Ng4+ 38. Kf3 Nf6 39. Ke3 Ne8 40. Be4 Nd6 41. Bc2 c3 42. bxc3 Nc4+ 43. Kd3 Nxa3 44. Bb3 Nc4 45. e4 Nd6 46. f3 f5 47. Bg8 a4 48. Bh7 a3 49. Bg8 Ne8 50. Be6 Kd6 51. Bf7 Nf6 52. Bc4 Kc5 53. Bf7 Kd6 54. Bc4 Ke7 55. Ke3 Nd7 56. f4 Kf6 57. Ba2 Nc5 58. fxe5+ Kxe5 59. exf5 gxf5 0-1

[Event "Prague Festival Open 2022"]
[Site "Prague"]
[Date "2022.06.14"]
[Round "6.6"]
[White "Huzman, Alexander"]
[Black "Mladek, Richard"]
[Result "0-1"]
[ECO "D33"]
[WhiteElo "2541"]
[BlackElo "2361"]
[Annotator "RC"]
[PlyCount "72"]
[EventDate "2022.06.10"]
[EventType "swiss"]
[EventCountry "CZE"]
[SourceTitle "playchess.com"]
[Source "ChessBase"]
[SourceQuality "1"]
[TimeControl "40/5400+30:1800+30"]

1. Nf3 d5 2. d4 e6 3. c4 Nf6 4. Nc3 c5 5. cxd5 exd5 6. g3 Nc6 7. Bg2 cxd4 8. Nxd4 Bc5 9. Nb3 Bb6 10. O-O d4 11. Na4 O-O 12. Re1 Re8 13. Bg5 h6 14. Nxb6 axb6 15. Bxc6 bxc6 16. Bxf6 Qxf6 17. Qxd4 Qd8 18. Qc3 c5 19. Rad1 Qc7 20. Nc1 Ba6 21. f3 Re7 22. Kf2 Rae8 23. Rd2 h5 24. Rd5 h4 25. e4 Qc8 26. Rh5 Rd8 27. gxh4 Qh3 28. Kg1 Rxe4 29. fxe4 Qg4+ 30. Qg3 Qxh5 31. Qg5 Qxg5+ 32. hxg5 Rd2 33. b3 Kf8 34. a3 g6 35. b4 cxb4 36. axb4 Bc4 0-1

[Event "Prague Festival Open 2022"]
[Site "Prague"]
[Date "2022.06.14"]
[Round "6.7"]
[White "Sankalp Gupta"]
[Black "Simek, Petr"]
[Result "1-0"]
[ECO "E52"]
[WhiteElo "2505"]
[BlackElo "2332"]
[Annotator "RC"]
[PlyCount "65"]
[EventDate "2022.06.10"]
[EventType "swiss"]
[EventCountry "CZE"]
[SourceTitle "playchess.com"]
[Source "ChessBase"]
[SourceQuality "1"]
[TimeControl "40/5400+30:1800+30"]

1. d4 Nf6 2. Nf3 d5 3. c4 e6 4. Nc3 Bb4 5. e3 O-O 6. Bd2 b6 7. cxd5 exd5 8. Bd3 Bb7 9. O-O Re8 10. Rc1 Bf8 11. Ne5 c5 12. Bb5 Re6 13. Ne2 Bd6 14. f4 Ne4 15. Ng3 Nxg3 16. hxg3 f6 17. Qh5 Re7 18. Nf3 Nd7 19. g4 g6 20. Qh4 Rc8 21. Bd3 Qe8 22. Rce1 Qf7 23. g5 f5 24. Ne5 Bxe5 25. fxe5 Qe6 26. g4 fxg4 27. Be2 Rf8 28. Bxg4 Rxf1+ 29. Rxf1 Qc6 30. Qf2 Qc8 31. e6 Nf8 32. Qf7+ Rxf7 33. exf7+ 1-0

[Event "Prague Festival Open 2022"]
[Site "Prague"]
[Date "2022.06.14"]
[Round "6.8"]
[White "Popovic, Dusan"]
[Black "Chan, Kim Yew"]
[Result "1-0"]
[ECO "B47"]
[WhiteElo "2480"]
[BlackElo "2316"]
[Annotator "RC"]
[PlyCount "103"]
[EventDate "2022.06.10"]
[EventType "swiss"]
[EventCountry "CZE"]
[SourceTitle "playchess.com"]
[Source "ChessBase"]
[SourceQuality "1"]
[TimeControl "40/5400+30:1800+30"]

1. e4 c5 2. Nf3 e6 3. d4 cxd4 4. Nxd4 Nc6 5. Nc3 Qc7 6. g3 a6 7. Bg2 Nf6 8. O-O Nxd4 9. Qxd4 Bc5 10. Bf4 d6 11. Qd2 h6 12. Rad1 e5 13. Be3 Be6 14. Bxc5 dxc5 15. Nd5 Bxd5 16. exd5 Qd6 17. Rfe1 O-O 18. Re3 Rfe8 19. Rde1 Kf8 20. c4 b5 21. Qe2 Rab8 22. cxb5 axb5 23. Rc1 c4 24. b3 cxb3 25. Rxb3 e4 26. Rxb5 Rxb5 27. Qxb5 Qxd5 28. Qxd5 Nxd5 29. a4 Nf6 30. a5 Ra8 31. Ra1 Ke7 32. a6 Kd6 33. Ra4 Kc5 34. Bf1 Ra7 35. h3 Kb6 36. Rb4+ Kc6 37. Rb8 Nd5 38. Bb5+ Kd6 39. Bc4 Nc7 40. Rb6+ Kd7 41. Kf1 f6 42. Ke2 Ne8 43. Bb5+ Kc7 44. Rc6+ Kd8 45. Ke3 Ke7 46. Kd4 Nd6 47. Kc5 Nxb5 48. Kxb5 Kd7 49. Rc4 Ra8 50. Rxe4 Rb8+ 51. Ka5 Kc6 52. a7 1-0

[Event "Prague Festival Open 2022"]
[Site "Prague"]
[Date "2022.06.14"]
[Round "6.9"]
[White "Seemann, Jakub"]
[Black "Karthik Venkataraman"]
[Result "1-0"]
[ECO "D41"]
[WhiteElo "2363"]
[BlackElo "2480"]
[Annotator "RC"]
[PlyCount "67"]
[EventDate "2022.06.10"]
[EventType "swiss"]
[EventCountry "CZE"]
[SourceTitle "playchess.com"]
[Source "ChessBase"]
[SourceQuality "1"]
[TimeControl "40/5400+30:1800+30"]

1. d4 Nf6 2. c4 e6 3. Nc3 d5 4. cxd5 Nxd5 5. e4 Nxc3 6. bxc3 c5 7. Nf3 cxd4 8. cxd4 Bb4+ 9. Bd2 Bxd2+ 10. Qxd2 O-O 11. Bc4 Nd7 12. O-O b6 13. Rfe1 Bb7 14. Rad1 Rc8 15. Bb3 Re8 16. Re3 Nf6 17. Qe1 Ng4 18. Re2 Ba6 19. Red2 Qc7 20. e5 Bb7 21. Ng5 Qe7 22. f4 Rc3 23. Qh4 Nh6 24. Bc2 Rec8 25. Bxh7+ Kf8 26. f5 Rc1 27. f6 Qd8 28. h3 Rxd1+ 29. Rxd1 Bd5 30. Rf1 Qc7 31. fxg7+ Kxg7 32. Rf6 Ng8 33. Bxg8 Qc2 34. Qh7+ 1-0

[Event "Prague Festival Open 2022"]
[Site "Prague"]
[Date "2022.06.14"]
[Round "6.10"]
[White "Hoefelsauer, Thomas"]
[Black "Kozak, Antoni"]
[Result "0-1"]
[ECO "E06"]
[WhiteElo "2334"]
[BlackElo "2459"]
[Annotator "RC"]
[PlyCount "166"]
[EventDate "2022.06.10"]
[EventType "swiss"]
[EventCountry "CZE"]
[SourceTitle "playchess.com"]
[Source "ChessBase"]
[SourceQuality "1"]
[TimeControl "40/5400+30:1800+30"]

1. d4 d5 2. Nf3 Nf6 3. c4 e6 4. g3 Be7 5. Bg2 c6 6. O-O O-O 7. Qc2 b6 8. Nbd2 Bb7 9. e4 Na6 10. a3 c5 11. e5 Nd7 12. cxd5 Bxd5 13. dxc5 Qc8 14. Ne4 Naxc5 15. Nxc5 Qxc5 16. Qxc5 Nxc5 17. Bg5 Bxg5 18. Nxg5 Bxg2 19. Kxg2 Nd3 20. f4 Nxb2 21. Rac1 Rfc8 22. Ne4 Nc4 23. Rc3 Kf8 24. Kf2 Nb2 25. Rb3 Rc2+ 26. Ke3 Rac8 27. Rb1 Nc4+ 28. Kd3 Ra2 29. Rc3 Rxa3 30. Rxa3 Nxa3 31. Nd6 Nxb1 32. Nxc8 a5 33. Nxb6 Na3 34. Kc3 h5 35. Nc8 Nb5+ 36. Kc4 a4 37. Nb6 a3 38. Kb3 h4 39. gxh4 Nd4+ 40. Kxa3 Ne2 41. Kb4 Nxf4 42. Kc4 Ng6 43. Nd7+ Ke7 44. h5 Nh4 45. Nc5 Nf3 46. Nd3 Nxh2 47. Kd4 Ng4 48. Ke4 f6 49. exf6+ gxf6 50. Kf4 Nh6 51. Nc5 Ng8 52. Nd3 Kd6 53. Nf2 Nh6 54. Ne4+ Ke7 55. Nc5 Nf7 56. Ne4 Ne5 57. Nc5 Kf7 58. Ne4 Nc4 59. Nc5 Nd6 60. Nd3 Kg7 61. Nc5 Kf7 62. Nd3 Nb7 63. Kg4 Kg7 64. Nf4 Nc5 65. Ne2 f5+ 66. Kh4 Ne4 67. Nd4 Kf6 68. Nf3 Nc5 69. Kg3 Nd7 70. Kh4 Nf8 71. Kg3 Nh7 72. Kh4 e5 73. Nd2 Ng5 74. Nc4 Nf7 75. Ne3 Ke6 76. Nd1 e4 77. Ne3 f4 78. Nc2 Kf5 79. Nd4+ Ke5 80. Nc2 e3 81. Kh3 Ke4 82. Kg2 f3+ 83. Kf1 Nh6 0-1

[Event "Prague Festival Open 2022"]
[Site "Prague"]
[Date "2022.06.14"]
[Round "6.11"]
[White "Garcia Ramos, Daniel"]
[Black "Sorm, Daniel"]
[Result "0-1"]
[ECO "B46"]
[WhiteElo "2441"]
[BlackElo "2306"]
[Annotator "RC"]
[PlyCount "102"]
[EventDate "2022.06.10"]
[EventType "swiss"]
[EventCountry "CZE"]
[SourceTitle "playchess.com"]
[Source "ChessBase"]
[SourceQuality "1"]
[TimeControl "40/5400+30:1800+30"]

1. e4 c5 2. Nf3 Nc6 3. d4 cxd4 4. Nxd4 e6 5. Nc3 a6 6. Be3 Nf6 7. a3 Be7 8. f4 d6 9. Qf3 e5 10. Nb3 Bg4 11. Qf2 d5 12. fxe5 Nxe4 13. Nxe4 dxe4 14. Qf4 Bh4+ 15. g3 Bf3 16. Bc4 O-O 17. O-O Be7 18. Nd2 g5 19. Qf5 Nd4 20. Rxf3 Nxf5 21. Rxf5 Rc8 22. e6 Rxc4 23. Nxc4 fxe6 24. Rxf8+ Qxf8 25. Nd2 Bc5 26. Nf1 Bxe3+ 27. Nxe3 Qf3 28. Re1 b5 29. Nf1 Qf5 30. b4 h5 31. Re3 Qd5 32. Kf2 Qd4 33. c3 Qd5 34. Ke2 Qc4+ 35. Ke1 Qa2 36. Nd2 Qa1+ 37. Kf2 Qh1 38. Nxe4 Qxh2+ 39. Kf1 h4 40. gxh4 gxh4 41. Nf2 Qf4 42. Ke2 Qc4+ 43. Kf3 Kf7 44. Kg2 Ke7 45. Ne4 e5 46. Nf2 Ke6 47. Ne4 Qd5 48. Kh3 Kf5 49. Nf2 Kf4 50. Rd3 Qg8 51. Kh2 Qg3+ 0-1

[Event "Prague Festival Open 2022"]
[Site "Prague"]
[Date "2022.06.14"]
[Round "6.12"]
[White "Klimkowski, Jan"]
[Black "Serrano Salvador, Eduardo"]
[Result "1/2-1/2"]
[ECO "C43"]
[WhiteElo "2401"]
[BlackElo "2286"]
[Annotator "RC"]
[PlyCount "43"]
[EventDate "2022.06.10"]
[EventType "swiss"]
[EventCountry "CZE"]
[SourceTitle "playchess.com"]
[Source "ChessBase"]
[SourceQuality "1"]
[TimeControl "40/5400+30:1800+30"]

1. e4 e5 2. Nf3 Nf6 3. d4 Nxe4 4. Bd3 d5 5. Nxe5 Nd7 6. Nc3 Nef6 7. O-O Be7 8. Qf3 c6 9. Ne2 O-O 10. Ng3 Nxe5 11. dxe5 Ng4 12. Qe2 f6 13. e6 Ne5 14. Bf5 g6 15. Bh3 Nc4 16. Nf5 gxf5 17. Bxf5 Bc5 18. Bxh7+ Kxh7 19. Qh5+ Kg8 20. Qg6+ Kh8 21. Qh5+ Kg8 22. Qg6+ 1/2-1/2

[Event "Prague Festival Open 2022"]
[Site "Prague"]
[Date "2022.06.15"]
[Round "7.1"]
[White "Petr, Martin"]
[Black "Motylev, Alexander"]
[Result "1/2-1/2"]
[ECO "B21"]
[WhiteElo "2488"]
[BlackElo "2633"]
[Annotator "TA"]
[PlyCount "71"]
[EventDate "2022.06.10"]
[EventType "swiss"]
[EventCountry "CZE"]
[SourceTitle "playchess.com"]
[Source "ChessBase"]
[SourceQuality "1"]
[TimeControl "40/5400+30:1800+30"]

1. e4 c5 2. Be2 Nc6 3. f4 d5 4. d3 e6 5. Nf3 Bd6 6. O-O {[%emt 0:02:11] B21: Sicilian: 2 f4 and Morra Gambit.} Nge7 7. c3 O-O 8. Kh1 f6 9. Na3 b6 {[%emt 0:03:08] [#]} 10. Nb5 $146 ({Predecessor:} 10. Bd2 Bd7 11. Qe1 Ng6 12. g3 a6 13. Qf2 Nce7 14. c4 dxe4 15. dxe4 Bc6 16. Qe3 {0-1 (36) Moutousis,K (2448)-Halkias,S (2519) Athens 2001}) 10... Bb8 11. a4 Ng6 12. g3 a6 13. Na3 Ra7 14. Be3 Rd7 {[%emt 0:02:10] And now ...dxe4 would win.} 15. Qb1 Bb7 16. b4 c4 17. dxc4 dxe4 18. Nd4 (18. Qxe4 Nd4 $1 19. Qxb7 Rxb7 $17) 18... Qc8 (18... Nxd4 $11 19. cxd4 Ne7) 19. b5 axb5 ({Black should play} 19... Nxd4 $14 20. cxd4 axb5) 20. Nxc6 $1 $16 {[%emt 0:02:57] White is more active.} Bxc6 21. axb5 (21. cxb5 $16 Bb7 22. Nc4 (22. Bxb6 Qxc3 23. Qc1 Qd2 $14)) 21... Bb7 $11 22. Kg1 (22. Bxb6 e3+ 23. Kg1 (23. Bf3 $2 e2 $19) 23... Rd2 $11) ({White should try} 22. c5 $14 bxc5 23. Nc4) 22... Bd6 $15 {[%emt 0:04:13] Strongly threatening ...Bc5.} 23. Nc2 (23. Bxb6 $2 Bc5+ 24. Bxc5 Qxc5+ 25. Rf2 e3 $19) 23... Bc5 {[%emt 0:00:56] White must now prevent ...Rd2.} 24. Rd1 {[%emt 0:05:57] Against Rd2} (24. Qe1 $11) 24... e5 (24... Rxd1+ $17 25. Qxd1 e5) 25. f5 (25. Rxd7 $11 {remains equal.} Qxd7 26. Bxc5 bxc5 27. Qd1 Qxd1+ 28. Rxd1) 25... Rxd1+ $17 26. Qxd1 Rd8 (26... Qxf5 27. Bxc5 bxc5 28. Bg4 $14) (26... Ne7 $17 27. Qf1 Nxf5 28. Bxc5 Qxc5+ 29. Qf2 Qxf2+ 30. Kxf2 Kf7) 27. Qe1 (27. Qc1 $5 Ne7 28. g4 $15) 27... Qxf5 28. Bxc5 bxc5 29. Ne3 Qg5 30. Bg4 Rd3 31. Kf2 (31. Be6+ $11 Kf8 32. Ng2 (32. Nd5 Nf4 $17)) 31... Nf4 32. h4 $11 Qg6 {[%emt 0:00:36][%cal Od3e3] aiming for ...Rxe3!} 33. Bf5 (33. Ra7 $11 {keeps the balance.}) 33... Qh5 $17 34. Bg4 {[%emt 0:00:08] [#] Against Qf3+} Qg6 35. Bf5 {[%emt 0:00:17] Really sharp!} Qh5 (35... Qh6 $11 36. Ra7 Rxe3 37. Qxe3 Nd3+ 38. Ke2 Nc1+ 39. Kd2 Nb3+ 40. Ke2 Nc1+ 41. Kf2 (41. Kd2 Nb3+ 42. Ke2 Nc1+ $11) 41... Nd3+ 42. Ke2 Nc1+) 36. Bg4 {[%emt 0:00:08] Weighted Error Value: White=0.28 (precise) /Black=0.21 (precise)} 1/2-1/2

[Event "Prague Festival Open 2022"]
[Site "Prague"]
[Date "2022.06.15"]
[Round "7.3"]
[White "Kozak, Antoni"]
[Black "Iniyan, P."]
[Result "1-0"]
[ECO "A13"]
[WhiteElo "2459"]
[BlackElo "2518"]
[Annotator "RC"]
[PlyCount "73"]
[EventDate "2022.06.10"]
[EventType "swiss"]
[EventCountry "CZE"]
[SourceTitle "playchess.com"]
[Source "ChessBase"]
[SourceQuality "1"]
[TimeControl "40/5400+30:1800+30"]

1. Nf3 Nf6 2. c4 e6 3. g3 d5 4. Bg2 d4 5. e3 c5 6. d3 Nc6 7. exd4 cxd4 8. O-O Bd6 9. Bg5 h6 10. Bxf6 Qxf6 11. Nbd2 Qd8 12. a3 a5 13. Qa4 Bd7 14. Ne4 Be7 15. c5 e5 16. Rfe1 O-O 17. Rac1 b6 18. Qc4 Rb8 19. Qd5 Be8 20. Qxd8 Bxd8 21. cxb6 Rxb6 22. Nd6 f6 23. Nxe8 Rxe8 24. Nd2 Ne7 25. Nc4 Rb3 26. f4 exf4 27. Nd6 Rf8 28. Nc8 Rxd3 29. Nxe7+ Bxe7 30. Rxe7 fxg3 31. Rcc7 Rd1+ 32. Bf1 gxh2+ 33. Kxh2 Rb8 34. Rxg7+ Kf8 35. Rh7 Rxb2+ 36. Kh3 Rb3+ 37. Kh4 1-0

[Event "Prague Festival Open 2022"]
[Site "Prague"]
[Date "2022.06.15"]
[Round "7.4"]
[White "Santiago, Yago De Moura"]
[Black "Niedbala, Bartlomiej"]
[Result "1-0"]
[ECO "E41"]
[WhiteElo "2498"]
[BlackElo "2384"]
[Annotator "TA"]
[PlyCount "79"]
[EventDate "2022.06.10"]
[EventType "swiss"]
[EventCountry "CZE"]
[SourceTitle "playchess.com"]
[Source "ChessBase"]
[SourceQuality "1"]
[TimeControl "40/5400+30:1800+30"]

1. d4 Nf6 2. c4 e6 3. Nc3 Bb4 4. e3 c5 5. Bd3 Nc6 6. Nf3 Bxc3+ 7. bxc3 d6 8. O-O e5 9. Nd2 O-O 10. d5 Ne7 11. Qc2 Ng6 12. f4 {[%emt 0:10:31] E41: Nimzo-Indian: Rubinstein: 4...c5 5 Bd3, including Hübner Variation.} Ng4 13. Nf3 (13. Ne4 $5 ) 13... f5 {[%emt 0:03:59][%cal Bf7f5,Bf5g4][%mdl 32] Hoping for ...e4.} 14. h3 (14. Be2 $11) 14... e4 $17 15. hxg4 exd3 16. Qxd3 fxg4 17. Ng5 {[%emt 0:00:00] [#]} Qe8 $146 ({Predecessor:} 17... Qf6 18. Bd2 h6 19. Ne4 Qf5 20. Qb1 Rd8 21. Be1 b6 22. Bg3 Ba6 23. Nd2 Qxb1 24. Raxb1 {1-0 (52) Wessman,R (2435)-Kiik,K (2365) Helsinki 1993}) 18. Qb1 h6 19. Ne4 (19. Ne6 $17 Bxe6 20. dxe6) 19... Qe7 (19... Nh4 $19 20. g3 (20. Nxd6 Qh5 $17) 20... Nf3+ 21. Kg2 Qg6) 20. Ng3 Qh4 21. Kf2 ({Reject} 21. Qxg6 Qxg3 22. f5 (22. Qxd6 $2 Qh4 $19) 22... Rf6 23. Qe8+ Kh7 $17) 21... Ne5 22. Rh1 Qf6 23. Qb3 b5 24. cxb5 c4 25. Qc2 Nd3+ 26. Kg1 Bb7 ({Black should try} 26... a6 $17 27. bxa6 Rxa6) 27. e4 {[%emt 0:00:00] [#]} (27. Rh5 $11) 27... Nxf4 (27... Bxd5 $1 $17 {[%cal Oa8e8] aiming for ...Rae8!} 28. exd5 Rae8) 28. Nf5 $11 Nxd5 29. Bxh6 $1 $16 Qxc3 30. Qxc3 {[%emt 0:00:00][%mdl 64] Remove Defender. Dancing on a razor blade.} Nxc3 31. Bxg7 Rxf5 $2 32. Bxc3 $18 Bxe4 33. Re1 Bd5 (33... Rxb5 $142 34. Rxe4 Rb1+ 35. Re1 Rxe1+ 36. Bxe1 Kf7) 34. Re7 Kf8 35. Rc7 Rg5 {[%emt 0:00:58] Against Bg7+} 36. Rhh7 Rg8 37. Bf6 {[%emt 0:00:00] Threatens to win with Be7+.} Rb8 (37... Rg6 $18) 38. Be7+ Ke8 39. Bxd6 Ra8 40. Rcd7 {[%emt 0:00:00] What a bad dream for Black.  Weighted Error Value: White=0.17 (very precise) /Black=0.59} 1-0

[Event "Prague Festival Open 2022"]
[Site "Prague"]
[Date "2022.06.15"]
[Round "7.5"]
[White "Mladek, Richard"]
[Black "Sankalp Gupta"]
[Result "1/2-1/2"]
[ECO "E51"]
[WhiteElo "2361"]
[BlackElo "2505"]
[Annotator "TA"]
[PlyCount "77"]
[EventDate "2022.06.10"]
[EventType "swiss"]
[EventCountry "CZE"]
[SourceTitle "playchess.com"]
[Source "ChessBase"]
[SourceQuality "1"]
[TimeControl "40/5400+30:1800+30"]

1. d4 Nf6 2. c4 e6 3. Nc3 Bb4 4. e3 O-O 5. Bd2 d5 6. Nf3 b6 7. cxd5 exd5 8. Rc1 {[%emt 0:00:14] E51: Nimzo-Indian: Rubinstein: 4...0-0 5 Nf3 d5.} Bb7 {[%emt 0:00:10] 8...Bb7 scores better than 8...a6.} 9. Bd3 Be7 10. O-O c5 11. dxc5 bxc5 12. Re1 Re8 13. Qb3 {[%emt 0:00:53] [#]} Qb6 $146 ({Predecessor:} 13... Bc6 14. Qc2 Nbd7 15. b3 d4 16. Ne4 c4 17. Nxf6+ Nxf6 18. Nxd4 Bxg2 19. Kxg2 cxd3 20. Qxd3 {½-½ (63) Basso,P (2561)-Sonis,F (2483) Premium Chess Arena INT 2020}) 14. Na4 Qxb3 15. axb3 Ba6 16. Bf1 Bxf1 17. Kxf1 Na6 18. Bc3 Reb8 19. Red1 Rxb3 20. Bxf6 Bxf6 21. Rxd5 Rb4 22. b3 Be7 {[%emt 0:06:22] Inhibits Rd6.} (22... Rxb3 $11 23. Rd6 (23. Nxc5 Rb5 $11) 23... Nb4) 23. Nd2 {[%emt 0:01:31] Pair of Knights!} (23. Rd7 $14 Bf8 24. Nd2) 23... Kf8 (23... Rb7 $5 ) 24. Ke2 g6 25. Nc3 (25. Rd3 $14 {is superior.}) 25... Rb7 $11 26. Re5 Nb4 27. Na4 Rd8 {[%emt 0:00:08] [#] aiming for ...Nd3.} 28. Re4 ({Don't play} 28. Nxc5 Bxc5 29. Rcxc5 (29. Rexc5 Nd3 $17) 29... Rbd7 $17) 28... Nd3 29. Rc2 Rbd7 30. Nf3 f5 31. Rec4 g5 32. g4 (32. Ne1 $5 ) 32... fxg4 {[%emt 0:11:36] The position is equal.} 33. Rxg4 h5 34. Re4 g4 35. Ne5 Nxe5 36. Rxe5 Rd5 37. Rxd5 Rxd5 38. e4 Rd4 39. Nxc5 {[%emt 0:01:47] Weighted Error Value: White=0.08 (flawless) /Black=0.09 (flawless)} 1/2-1/2